 Dungeon Crawl Stone Soup version 0.18.1-8-gdd0e5ea (console) character file.

548949 Kloppie the Minotaur Blade (level 24, -8/252 HPs)
             Began as a Minotaur Berserker on June 5, 2016.
             Was the Champion of Trog.
             Killed from afar by a balrug (19 damage)
             ... with a fireball
             ... summoned by a lich
             ... on level 4 of the Depths.
             The game lasted 02:51:32 (58372 turns).

Kloppie the Minotaur Blade (Minotaur Berserker)    Turns: 58372, Time: 02:51:33

Health: -8/252     AC: 42    Str: 28    XL:     24   Next: 99%
Magic:  0/26       EV: 24    Int:  2    God:    Trog [******]
Gold:   4111       SH:  0    Dex: 25    Spells: 0 memorised, 23 levels left

rFire  . . .     SeeInvis .     a - +9 triple sword (holy)
rCold  . . .     Gourm    .     y - +9 plate armour of Kafyhaet {MR+ Str+3}
rNeg   + + .     Faith    .     (shield currently unavailable)
rPois  .         Spirit   +     Z - +2 hat of the Bear Spirit {Spirit, +Rage rN+ MR++}
rElec  +         Dismiss  .     B - +0 cloak
rCorr  +         Reflect  .     s - +2 pair of gloves
SustAt .         Harm     .     u - +2 pair of boots
MR     +++++     Clarity  +     Y - amulet of Vitality {Regen+ HP+15}
Stlth  ..........               e - ring of resist corrosion
                                d - ring of the Eleven Seas {rElec rN+ MR+ Dex+6}

@: about to teleport, almost entirely resistant to hostile enchantments,
extremely unstealthy
A: retaliatory headbutt, horns 2, berserk 1, clarity, dopey 1, low mp 1
a: Berserk, Trog's Hand, Brothers in Arms, Burn Spellbooks, Renounce Religion,
Evoke Berserk Rage
}: 3/15 runes: serpentine, barnacled, silver


You were on level 4 of the Depths.
You worshipped Trog.
Trog was exalted by your worship.
You were not hungry.

You visited 8 branches of the dungeon, and saw 45 of its levels.
You also visited: Ice Cave and Wizlab.

You collected 6334 gold pieces.
You spent 2223 gold pieces at shops.

Inventory:

Hand Weapons
 a - a +9 triple sword of holy wrath (weapon)
 A - a +5 triple sword of electrocution
 I - a +7 antimagic double sword
Missiles
 f - 20 javelins of returning (quivered)
 K - 6 javelins of penetration
Armour
 s - a +2 pair of gloves (worn)
 u - a +2 pair of boots (worn)
 y - the +9 plate armour of Kafyhaet (worn) {MR+ Str+3}
   (You found it on level 5 of the Dungeon)

   It affects your strength (+3).
   It affects your resistance to hostile enchantments.
 B - a +0 cloak (worn)
 Z - the +2 hat of the Bear Spirit (worn) {Spirit, +Rage rN+ MR++}
   (You found it on level 4 of the Shoals)

   It protects you from negative energy.
   It affects your resistance to hostile enchantments.
   It lets you go berserk.
Jewellery
 d - the ring of the Eleven Seas (left hand) {rElec rN+ MR+ Dex+6}
   (You bought it in a shop on level 1 of the Elven Halls)

   [ring of dexterity]

   It affects your dexterity (+6).
   It insulates you from electricity.
   It protects you from negative energy.
   It affects your resistance to hostile enchantments.
 e - a ring of resist corrosion (right hand)
 w - the ring "Yckuh" {+Fly rF+ rC- MR+ Str+3}
   (You took it off a deep elf elementalist on level 3 of the Elven Halls)

   [ring of flight]

   It affects your strength (+3).
   It protects you from fire.
   It makes you vulnerable to cold.
   It affects your resistance to hostile enchantments.
   It lets you fly.
 E - an uncursed ring of sustain attributes
 J - the ring of Ytwuocw {*Corrode rPois rC+ Str+4}
   (You found it on level 5 of the Vaults)

   [ring of protection from cold]

   It affects your strength (+4).
   It protects you from cold.
   It protects you from poison.
   It may corrode you when you take damage.
 N - the ring "Recsidaocw" {MR+ MP+9 Str+3}
   (You found it on level 3 of the Depths)

   [ring of protection from magic]

   It affects your strength (+3).
   It affects your resistance to hostile enchantments.
   It affects your magic capacity (+9).
 Q - an uncursed amulet of the gourmand
 T - the ring of Shadows {Umbra +Inv rN+ SInv}
   (You took it off a deep elf death mage on level 3 of the Elven Halls)

   [ring of positive energy]

   It protects you from negative energy.
   It lets you see invisible.
   It lets you turn invisible.
 U - the ring of the Gloaming {+Blink rF+ MR++ Dex+5}
   (You found it on level 3 of the Depths)

   [ring of protection from fire]

   It affects your dexterity (+5).
   It protects you from fire.
   It affects your resistance to hostile enchantments.
   It lets you blink.
 Y - the amulet of Vitality (around neck) {Regen+ HP+15}
   (You found it on level 5 of the Vaults)

   [amulet of regeneration]

   It affects your health (+15).
   It increases your rate of regeneration.
Wands
 b - a wand of heal wounds (2/9)
 t - a wand of teleportation (5/9)
 v - a wand of heal wounds (6/9)
 G - a wand of disintegration (18/24)
 P - a wand of digging (12/24)
 X - a wand of digging (17/24)
Scrolls
 i - 25 scrolls of remove curse
 j - 4 scrolls of summoning
 k - a scroll of fear
 l - 5 scrolls of fog
 m - 5 scrolls of blinking
 n - 4 scrolls of silence
 x - 6 scrolls of identify
 C - 3 scrolls of magic mapping
 H - 6 scrolls of teleportation
 L - 2 scrolls of brand weapon
 M - 9 scrolls of recharging
 S - a scroll of enchant armour
 V - 3 scrolls of holy word
Potions
 g - 7 potions of agility
 h - 3 potions of invisibility
 p - 8 potions of might
 q - 16 potions of curing
 z - 9 potions of cancellation
 D - 5 potions of haste
 O - 5 potions of heal wounds
 R - 3 potions of resistance
Comestibles
 c - 25 bread rations
 r - a beef jerky
 F - 9 royal jellies
 W - 5 meat rations


   Skills:
 - Level 23.9 Fighting
 - Level 24.1 Long Blades
   Level 10.0 Crossbows
 + Level 16.0 Throwing
 - Level 23.8 Armour
 - Level 17.8 Dodging
   Level 4.1 Shields
 - Level 9.7 Evocations


You had 23 spell levels left.
You didn't know any spells.

Dungeon Overview and Level Annotations

Branches:
Dungeon (15/15)              Lair (8/8) D:11         Shoals (4/4) Lair:5
  Snake (4/4) Lair:4        Slime (0/6) Lair:6          Orc (2/2) D:10
    Elf (3/3) Orc:2        Vaults (5/5) D:14          Crypt (0/3) Vaults:2
 Depths (4/5) D:15
 Temple: D:4-7

Altars:
Cheibriados
Dithmenos
Kikubaaqudgha
Makhleb
Okawaru
Ru
Sif Muna
Trog
Vehumet
Xom
Yredelemnul
Zin
The Shining One
Jiyva

Shops:
D:10 %   D:11 *[!:   D:14 (*   Orc:2 ?[%=   Elf:1 =   Elf:2 (   Shoals:2 :
Vaults:3 :   Vaults:4 !   Vaults:5 [   Depths:3 *%

Portals:
Hell: Lair:8 Depths:1 Depths:2 Depths:3
Pandemonium: Depths:3
Ziggurat: Depths:1


Innate Abilities, Weirdness & Mutations

You reflexively headbutt those who attack you in melee.
You have a pair of horns on your head.
You tend to lose your temper in combat.
You possess an exceptional clarity of mind.
You are dopey. (Int -2)
Your magical capacity is low (-10% MP).


Message History

As you read the scroll of teleportation, it crumbles to dust.
You feel strangely unstable. The stone giant misses you.
You furiously retaliate!
You headbutt the stone giant, but do no damage.
The giant eyeball's stare focuses on you.
The balrug barely misses you. You furiously retaliate!
You headbutt the balrug!
Something touches you but does no damage.
The giant eyeball changes into a swamp worm!
The stone giant throws a large rock.
The large rock barely misses you.
You hear some strange, mumbled words.
A bolt of fire appears from out of thin air!
The bolt of fire misses the balrug.
The bolt of fire hits you!
* * * LOW HITPOINT WARNING * * *
The balrug gestures at you.
The fireball explodes!
The fireball engulfs you!
You die...

#).#
#######)###
......†))8#
.......)(.#
..........#
.........(#
.........8#
#########'###
#8...8#8@..8#
#...2.#.....#
#....{2.(...#
#...DC#.....#
#8..w8#8..(8#
###'#########
8.. #... #..


You could see a golden dragon, a stone giant, a balrug and a swamp worm shaped
shifter.

Vanquished Creatures
  A juggernaut (Depths:3)
  Sojobo (Depths:3)
  Saint Roka (Snake:3)
  Norris (Vaults:1)
  2 caustic shrikes
  2 golden dragons
  A bone dragon (Vaults:2)
  A Hellbinder (WizLab)
  Jorgrun (Depths:4)
  4 liches
  4 tentacled monstrosities
  A quicksilver dragon (Depths:4)
  Asterion (Snake:1)
  5 titans
  2 deep elf master archers (Elf:3)
  2 deep elf blademasters (Elf:3)
  2 storm dragons
  Kirke (Snake:3)
  2 sphinxes
  Ilsuiw (Shoals:3)
  3 shadow dragons
  6 tengu reavers
  Agnes (Elf:2)
  10 greater nagas
  8 fire giants
  Aizul (Snake:1)
  An iron dragon (Vaults:5)
  8 frost giants
  Donald (Snake:1)
  7 deep elf sorcerers
  13 vault wardens
  7 deep elf elementalists
  17 ironheart preservers
  A spriggan defender (Depths:4)
  A cacodemon (WizLab)
  20 stone giants
  The ghost of shwouchk the Peltast, a journeyman GrFi of Okawaru (D:15)
  17 very ugly things
  A war gargoyle (Vaults:5)
  12 deep elf demonologists
  An apis (Vaults:5)
  4 vampire knights
  A lorocyproca (WizLab)
  2 salamander stormcallers
  5 spark wasps
  The ghost of Burgietje the Warrior, a journeyman MiFi of Okawaru (D:13)
  A spark wasp (shapeshifter) (Vaults:5)
  2 dire elephants (Lair:8)
  4 deep elf annihilators
  7 ettins
  A blizzard demon (WizLab)
  2 minotaurs
  8 deep elf death magi
  5 merfolk javelineers (Shoals:4)
  14 yaktaur captains
  33 vault guards
  7 fire dragons
  4 entropy weavers
  4 deep elf high priests
  7 ice dragons
  5 hydras
  6 merfolk impalers
  A ghost crab (shapeshifter) (Depths:2)
  8 great orbs of eyes
  2 hell beasts (WizLab)
  2 spriggan air magi
  7 merfolk aquamancers
  2 merfolk avatars
  6 rakshasas
  16 naga warriors
  A ghost crab (Vaults:4)
  A catoblepas (D:15)
  11 centaur warriors
  13 ogre magi
  The ghost of Kloppie the Carver, a novice MiGl of Okawaru (Lair:1)
  4 alligator snapping turtles
  11 deep troll shamans
  6 tengu warriors
  2 satyrs (Shoals:3)
  21 anacondas
  2 vampire magi (Depths:3)
  12 death yaks
  30 dancing weapons
  10 deep troll earth magi
  24 naga sharpshooters
  2 shock serpents
  3 orc high priests (Orc:2)
  The ghost of Elizilla the Basher, a novice FoFi of Okawaru (D:9)
  13 hell knights
  3 soul eaters (WizLab)
  24 deep elf knights
  4 skeletal warriors
  5 sun demons
  8 fire crabs
  Sonja (D:11)
  5 salamander mystics
  A small abomination (Elf:3)
  A sea snake (shapeshifter) (Vaults:4)
  An unseen horror (D:10)
  14 sea snakes
  4 giant orange brains
  6 wizards
  An orange crystal statue (Depths:1)
  5 iron trolls
  2 flayed ghosts
  22 deep trolls
  16 deep elf archers
  16 naga ritualists
  A hill giant (shapeshifter) (Depths:2)
  A swamp dragon (Depths:1)
  3 phantasmal warriors
  17 ironbrand convokers
  A swamp dragon (shapeshifter) (Vaults:5)
  A shadow dragon zombie (Vaults:4)
  4 lindwurms (Lair:3)
  12 harpies
  63 deep elf magi
  A lindwurm (shapeshifter) (Vaults:1)
  8 hill giants
  13 mana vipers
  6 necromancers
  A harpy (shapeshifter) (Depths:4)
  23 orc knights
  An oklob plant (Lair:4)
  7 orc sorcerers
  A hornet (Vaults:2)
  3 wolf spiders
  8 manticores
  A shining eye (shapeshifter) (Depths:1)
  A mana viper (shapeshifter) (Vaults:2)
  12 griffons
  A wolf spider zombie (D:13)
  7 fauns
  A sixfirhy (Lair:8)
  9 salamanders
  6 cyclopes
  36 ugly things
  An elephant (shapeshifter) (Vaults:4)
  51 black mambas
  11 elephants
  7 sirens
  A fire giant skeleton (Vaults:4)
  3 hornets (shapeshifter)
  2 water nymphs
  7 orange demons
  An eye of devastation (shapeshifter) (Depths:2)
  22 naga magi
  11 vault sentinels
  An ice statue (IceCv)
  2 gargoyles
  9 guardian serpents
  15 spiny frogs
  A kobold demonologist (D:12)
  22 yaktaurs
  5 rime drakes
  6 komodo dragons
  A hellwing (Lair:8)
  4 freezing wraiths
  7 ice devils
  2 red devils (Depths:2)
  4 tengu conjurers
  A queen bee (D:9)
  16 trolls
  A jumping spider (Depths:2)
  18 merfolk
  16 polar bears
  A giant leech (Depths:1)
  A jumping spider (shapeshifter) (Vaults:1)
  20 slime creatures
  5 boulder beetles
  A harpy skeleton (D:14)
  4 blink frogs (Lair:5)
  5 wind drakes
  A hornet zombie (D:15)
  2 snapping turtles (Shoals:4)
  22 two-headed ogres
  A tarantella (Depths:1)
  An ettin skeleton (Vaults:4)
  12 redbacks
  A spriggan (shapeshifter) (Vaults:5)
  4 air elementals
  A shadow (D:14)
  53 yaks
  16 humans
  2 wraiths
  15 water elementals
  2 fire bats (Shoals:2)
  4 basilisks
  3 wyverns
  A hog (shapeshifter) (Vaults:5)
  20 vampire mosquitoes
  3 fire elementals
  2 human simulacra
  12 hippogriffs
  2 hungry ghosts
  A yaktaur simulacrum (Vaults:1)
  11 insubstantial wisps (D:14)
  A steam dragon (D:14)
  3 mottled dragons
  8 wargs
  66 nagas
  2 hell hounds (Lair:8)
  4 giant eyeballs
  10 porcupines
  14 water moccasins
  51 orc warriors
  2 phantoms
  2 black bears
  2 ice beasts
  5 sky beasts
  A wasp (D:15)
  2 eyes of draining
  56 ogres
  23 wolves
  8 boggarts
  25 centaurs
  16 crocodiles
  An earth elemental (Elf:1)
  10 big kobolds
  22 giant frogs
  A wyvern zombie (D:9)
  A gnoll sergeant (D:10)
  2 wyvern skeletons
  5 scorpions
  32 killer bees
  19 wights
  5 howler monkeys
  8 electric eels
  14 crimson imps
  2 giant frog skeletons
  2 giant frog zombies
  15 orc priests
  4 centaur zombies
  A quasit (D:10)
  4 hounds
  7 jellies
  Crazy Yiuf (D:6)
  24 orc wizards
  6 two-headed ogre zombies (D:9)
  Terence (D:3)
  11 iguanas
  11 worker ants
  28 sheep
  A mummy (D:9)
  3 gnolls (D:10)
  10 adders
  35 river rats
  3 shadow imps
  2 oozes
  An adder skeleton (D:4)
  2 worms
  10 giant geckos
  95 orcs
  A ball python (D:1)
  20 bats
  11 giant cockroaches
  8 goblins
  4 hobgoblins
  15 jackals
  28 kobolds
  A quokka (D:11)
  A giant cockroach zombie (D:5)
  6 giant newts
  A quokka skeleton (D:6)
  25 rats
  2 fungi
  3 plants
2199 creatures vanquished.

Vanquished Creatures (collateral kills)
  Vashnia (Snake:4)
  A kraken (Shoals:4)
  The ghost of KrisztiCat the Peltast, an adept MiBe of Trog (Elf:2)
  2 storm dragons (Vaults:5)
  3 greater nagas
  2 vault wardens (Vaults:5)
  A salamander stormcaller (Vaults:5)
  A merfolk javelineer (Shoals:4)
  2 deep elf death magi
  A fire dragon (Vaults:5)
  The ghost of Elizilla the Grappler, a journeyman TrMo of Qazlal (Orc:2)
  4 hydras
  2 naga warriors
  An anaconda (Snake:4)
  A merfolk avatar (Shoals:4)
  6 naga sharpshooters
  2 dancing weapons (Elf:2)
  2 deep trolls (Depths:1)
  An ironbrand convoker (Vaults:5)
  4 naga ritualists (Snake:4)
  3 orc knights (Orc:2)
  6 deep elf magi
  2 naga magi (Snake:4)
  A black mamba (Snake:2)
  A vault sentinel (Vaults:5)
  A red devil (WizLab)
  A merfolk (Shoals:4)
  2 two-headed ogres (Vaults:5)
  A hippogriff (Lair:6)
  10 nagas
  4 orc warriors
  An ogre (D:10)
  A gnoll sergeant (D:10)
  An electric eel (Lair:1)
  3 orc priests (Orc:2)
  2 orc wizards (Orc:2)
  2 orcs (Orc:2)
  A plant (Lair:1)
  5 tentacles (Shoals:4)
87 creatures vanquished.

Vanquished Creatures (others)
  Margery (Depths:3)
  A spriggan berserker (Depths:2)
  A deep troll shaman (Vaults:3)
  A deep elf mage (Vaults:5)
  A centaur skeleton (D:14)
  A polar bear (IceCv)
  6 humans (Snake:3)
  2 orc warriors (Vaults:5)
  2 boggarts
  A wolf (IceCv)
  An orc wizard (Vaults:5)
  2 ball lightnings (D:14)
  19 fungi
  14 plants
  5 tentacles (Shoals:4)
  201 tentacle segments (Shoals:4)
259 creatures vanquished.

Grand Total: 2545 creatures vanquished

Notes
Turn   | Place    | Note
--------------------------------------------------------------
     0 | D:1      | Kloppie the Minotaur Berserker began the quest for the Orb.
     0 | D:1      | Reached XP level 1. HP: 19/19 MP: 0/0
    50 | D:1      | Reached XP level 2. HP: 19/27 MP: 1/1
    99 | D:1      | Gained mutation: You possess an exceptional clarity of mind. [potion of mutation]
    99 | D:1      | Gained mutation: You are weak. (Str -2) [potion of mutation]
    99 | D:1      | Gained mutation: You are agile. (Dex +2) [potion of mutation]
   280 | D:1      | Reached ** piety under Trog
   460 | D:1      | Reached skill level 4 in Long Blades
   509 | D:2      | Reached XP level 3. HP: 33/33 MP: 2/2
   709 | D:2      | Reached XP level 4. HP: 33/41 MP: 3/3
   871 | D:2      | Reached *** piety under Trog
   981 | D:3      | Reached skill level 5 in Fighting
  1007 | D:3      | Noticed Terence
  1017 | D:3      | Killed Terence
  1221 | D:3      | Reached XP level 5. HP: 42/48 MP: 4/4
  1530 | D:3      | Found a shimmering altar of Xom.
  1656 | D:4      | Reached skill level 5 in Long Blades
  1659 | D:4      | Received a gift from Trog
  1878 | D:4      | Reached XP level 6. HP: 57/57 MP: 5/5
  1967 | D:4      | Reached skill level 5 in Armour
  2004 | D:4      | Found a radiant altar of Vehumet.
  2034 | D:4      | Reached **** piety under Trog
  2194 | D:5      | Entered Level 5 of the Dungeon
  2254 | D:5      | Noticed a sky beast
  2273 | D:5      | Killed a sky beast
  2273 | D:5      | Reached skill level 1 in Throwing
  2279 | D:5      | Reached XP level 7. HP: 41/64 MP: 6/6
  2288 | D:5      | Reached skill level 6 in Long Blades
  2358 | D:5      | Got a translucent plate armour
  2698 | D:5      | Found a burning altar of Makhleb.
  2717 | D:5      | Found a sacrificial altar of Ru.
  2993 | D:5      | Identified the +9 plate armour of Kafyhaet {MR+ Str+3} (You found it on level 5 of the Dungeon)
  3135 | D:6      | Found a bloodstained altar of Trog.
  3147 | D:6      | Got a bloodstained ring mail
  3192 | D:6      | Identified the +5 ring mail of the Shining Light {*Confuse MR+ rCorr} (You found it on level 6 of the Dungeon)
  3225 | D:6      | Reached XP level 8. HP: 73/73 MP: 7/7
  3346 | D:6      | Reached skill level 7 in Long Blades
  3542 | D:6      | Found a basalt altar of Yredelemnul.
  3592 | D:6      | Reached skill level 8 in Long Blades
  3715 | D:6      | Found a shadowy altar of Dithmenos.
  3941 | D:6      | Reached XP level 9. HP: 73/83 MP: 8/8
  4026 | D:6      | Noticed Crazy Yiuf
  4033 | D:6      | Killed Crazy Yiuf
  4229 | D:7      | Received a gift from Trog
  4316 | D:7      | Reached skill level 9 in Long Blades
  4613 | D:7      | Reached ***** piety under Trog
  4778 | D:7      | Reached skill level 10 in Fighting
  4838 | D:8      | Received a gift from Trog
  4911 | D:8      | Reached skill level 10 in Long Blades
  5024 | D:8      | Got a brightly glowing leather armour
  5035 | D:8      | Identified the +2 leather armour of the New World {rElec MP-9 Slay-5 SInv} (You found it on level 8 of the Dungeon)
  5188 | D:8      | Found a glowing silver altar of Zin.
  5501 | D:8      | Reached skill level 10 in Armour
  5501 | D:8      | Reached XP level 10. HP: 92/94 MP: 3/9
  5760 | D:9      | Found an ancient bone altar of Kikubaaqudgha.
  5951 | D:9      | Got a fine ring mail
  5971 | D:9      | Identified the +2 ring mail "Teshibli" {+Blink MP+9 Dex-2 Stlth+} (You found it on level 9 of the Dungeon)
  6044 | D:9      | Noticed Elizilla's ghost (novice FoFi)
  6059 | D:9      | Killed Elizilla's ghost
  6117 | D:9      | Reached skill level 11 in Long Blades
  6182 | D:9      | Found a snail-covered altar of Cheibriados.
  6420 | D:9      | Found a glowing golden altar of the Shining One.
  6422 | D:9      | Found a deep blue altar of Sif Muna.
  6427 | D:9      | Identified a scroll of acquirement
  6678 | D:10     | Entered Level 10 of the Dungeon
  6842 | D:10     | Killed an unseen horror
  6849 | D:10     | Found a staircase to the Orcish Mines.
  6866 | D:10     | Reached XP level 11. HP: 43/104 MP: 3/10
  6897 | D:10     | Received a gift from Trog
  7112 | D:10     | Reached skill level 12 in Long Blades
  7509 | D:10     | Found Vaim's Food Boutique.
  7903 | D:11     | Noticed a hill giant
  7913 | D:11     | Killed a hill giant
  7926 | D:11     | Found Xuh Ceyn's Armour Boutique.
  7948 | D:11     | Found a staircase to the Lair.
  8008 | D:11     | Noticed Sonja
  8053 | D:11     | Killed Sonja
  8474 | D:11     | Found a burning altar of Makhleb.
  8508 | D:11     | Found Tifil's Distillery.
  8514 | D:11     | Bought a potion of lignification for 39 gold pieces
  8604 | D:11     | Found Juehipse's Book Emporium.
  8698 | D:11     | Found Houhyux's General Store.
  8938 | D:11     | Reached skill level 13 in Long Blades
  9045 | Lair:1   | Entered Level 1 of the Lair of Beasts
  9059 | Lair:1   | Received a gift from Trog
  9277 | Lair:1   | Noticed Kloppie's ghost (novice MiGl)
  9287 | Lair:1   | Killed Kloppie's ghost
  9529 | Lair:1   | Noticed a five-headed hydra
  9535 | Lair:1   | Killed a five-headed hydra
  9731 | Lair:1   | Reached XP level 12. HP: 115/117 MP: 3/11
  9866 | Lair:2   | Got a dazzling halberd
  9881 | Lair:2   | Identified the +12 halberd "Asmich" {venom, MP+9} (You found it on level 2 of the Lair of Beasts)
  9919 | Lair:2   | Reached skill level 14 in Long Blades
  9979 | Lair:2   | Noticed a five-headed hydra
  9986 | Lair:2   | Killed a five-headed hydra
 11284 | Lair:3   | Reached skill level 15 in Fighting
 11396 | Lair:4   | Reached skill level 15 in Long Blades
 11430 | Lair:4   | Found a staircase to the Snake Pit.
 11442 | Lair:4   | Received a gift from Trog
 12207 | Lair:5   | Received a gift from Trog
 12237 | Lair:5   | Found a frozen archway.
 12249 | IceCv    | Entered an ice cave
 12525 | IceCv    | Reached XP level 13. HP: 103/128 MP: 4/12
 12575 | IceCv    | Reached skill level 16 in Long Blades
 12897 | IceCv    | Noticed a frost giant
 12922 | IceCv    | Killed a frost giant
 13321 | Lair:5   | Reached skill level 5 in Dodging
 13379 | Lair:5   | Reached ****** piety under Trog
 13379 | Lair:5   | Reached skill level 1 in Shields
 13602 | Lair:5   | Found a staircase to the Shoals.
 13997 | Lair:6   | Received a gift from Trog
 14004 | Lair:6   | Found a staircase to the Slime Pits.
 14005 | Lair:6   | Found a viscous altar of Jiyva.
 15642 | Orc:1    | Entered Level 1 of the Orcish Mines
 15656 | Orc:1    | Reached XP level 14. HP: 99/137 MP: 4/13
 16021 | Orc:1    | Received a gift from Trog
 16422 | Orc:2    | Entered Level 2 of the Orcish Mines
 16449 | Orc:2    | Found a staircase to the Elven Halls.
 16780 | Orc:2    | Reached skill level 15 in Armour
 16814 | Orc:2    | Received a gift from Trog
 16921 | Orc:2    | Noticed Elizilla's ghost (journeyman TrMo)
 16930 | Orc:2    | Killed Elizilla's ghost
 16968 | Orc:2    | Found Xoib's Jewellery Boutique.
 16968 | Orc:2    | Found Lamoqie's Food Shoppe.
 16970 | Orc:2    | Found Boghiurgh's Armour Boutique.
 16970 | Orc:2    | Found Ijadek's Magic Scroll Shoppe.
 17002 | Orc:2    | Bought a scroll of fog for 26 gold pieces
 17002 | Orc:2    | Bought a scroll of identify for 26 gold pieces
 17002 | Orc:2    | Bought a scroll of recharging for 123 gold pieces
 17002 | Orc:2    | Bought a scroll of identify for 26 gold pieces
 17002 | Orc:2    | Bought a scroll of enchant weapon for 97 gold pieces
 17002 | Orc:2    | Bought a scroll of magic mapping for 45 gold pieces
 17002 | Orc:2    | Bought a scroll of teleportation for 39 gold pieces
 17315 | Snake:1  | Entered Level 1 of the Snake Pit
 17918 | Snake:1  | Noticed Donald
 17919 | Snake:1  | Noticed Aizul
 17934 | Snake:1  | Killed Aizul
 17941 | Snake:1  | Killed Donald
 18141 | Snake:1  | Noticed Asterion
 18176 | Snake:1  | Killed Asterion
 18616 | Snake:2  | Received a gift from Trog
 18623 | Snake:2  | Reached XP level 15. HP: 32/149 MP: 4/14
 19815 | Snake:2  | Noticed a greater naga
 19847 | Snake:2  | Killed a greater naga
 19859 | Snake:2  | Noticed a greater naga
 19860 | Snake:2  | Noticed a greater naga
 19864 | Snake:2  | Killed a greater naga
 19868 | Snake:2  | Killed a greater naga
 20254 | Snake:2  | Received a gift from Trog
 21013 | Snake:3  | Reached skill level 1 in Evocations
 21154 | Snake:3  | Noticed Kirke
 21175 | Snake:3  | Killed Kirke
 21194 | Snake:3  | HP: 7/228 [anaconda (5)]
 21245 | Snake:3  | Noticed a greater naga
 21430 | Snake:3  | Killed a greater naga
 21430 | Snake:3  | Reached skill level 5 in Evocations
 21580 | Snake:3  | Noticed Saint Roka
 21697 | Snake:3  | Received a gift from Trog
 21719 | Snake:3  | Reached XP level 16. HP: 116/160 MP: 6/19
 21750 | Snake:3  | Killed Saint Roka
 22095 | Snake:3  | Reached skill level 1 in Crossbows
 22119 | Snake:3  | Found an iron altar of Okawaru.
 22596 | Lair:8   | Entered Level 8 of the Lair of Beasts
 22605 | Lair:8   | Reached skill level 10 in Dodging
 23428 | Lair:8   | Received a gift from Trog
 23498 | Lair:8   | Found a burning altar of Makhleb.
 23545 | Lair:8   | Reached skill level 17 in Long Blades
 23590 | Lair:8   | Found a gateway to Hell.
 23600 | Lair:8   | Identified a +2 rod of clouds (10/10) (You found it on level 8 of the Lair of Beasts)
 25366 | D:13     | Noticed Burgietje's ghost (journeyman MiFi)
 25376 | D:13     | Killed Burgietje's ghost
 25431 | D:14     | Found a gate to the Vaults.
 25500 | D:13     | Received a gift from Trog
 25778 | D:14     | Found Daofy's Antique Weapon Shoppe.
 26046 | D:14     | Reached XP level 17. HP: 168/168 MP: 6/20
 26184 | D:14     | Found Fahoz's General Store.
 26196 | D:14     | Received a gift from Trog
 26205 | D:14     | Bought a potion of heal wounds for 55 gold pieces
 26205 | D:14     | Bought a potion of heal wounds for 55 gold pieces
 26205 | D:14     | Bought a scroll of enchant weapon for 82 gold pieces
 26286 | D:15     | Entered Level 15 of the Dungeon
 26321 | D:15     | Reached skill level 18 in Long Blades
 26403 | D:15     | Found a staircase to the Depths.
 26836 | D:15     | Found a sacrificial altar of Ru.
 27165 | D:15     | Noticed shwouchk's ghost (journeyman GrFi)
 27187 | D:15     | Killed shwouchk's ghost
 27990 | Shoals:1 | Entered Level 1 of the Shoals
 28523 | Shoals:2 | Found Cutaeluso's Book Shop.
 28581 | Shoals:2 | Reached skill level 5 in Crossbows
 28826 | Shoals:4 | Entered Level 4 of the Shoals
 29011 | Shoals:4 | Received a gift from Trog
 30080 | Shoals:4 | Got a jewelled spear
 30081 | Shoals:4 | Identified the cursed +0 spear of Dissent {speed, rC+ Str+3} (You found it on level 4 of the Shoals)
 30147 | Shoals:4 | Reached skill level 5 in Throwing
 30364 | Shoals:4 | Noticed Ilsuiw
 30829 | Shoals:3 | Killed Ilsuiw
 31169 | Shoals:4 | Received a gift from Trog
 31170 | Shoals:4 | Got a faintly glowing hand crossbow {god gift}
 31405 | Shoals:4 | Reached XP level 18. HP: 169/176 MP: 4/21
 31495 | Shoals:4 | Got a barnacled rune of Zot
 32112 | Lair:1   | Identified the +4 hand crossbow "Penopat" {elec, +Fly rC- rN+++ Int-4} (Trog gifted it to you on level 4 of the Shoals)
 32429 | Snake:4  | Entered Level 4 of the Snake Pit
 32800 | Snake:4  | Received a gift from Trog
 32916 | Snake:4  | Received a gift from Trog
 33377 | Snake:4  | Reached skill level 19 in Long Blades
 34064 | Snake:4  | Received a gift from Trog
 34421 | Snake:4  | Noticed Vashnia
 35143 | Snake:4  | Killed Vashnia
 35311 | Snake:4  | Reached skill level 20 in Long Blades
 35362 | Snake:4  | Reached XP level 19. HP: 176/182 MP: 7/22
 35595 | Snake:4  | Received a gift from Trog
 35609 | Snake:4  | Reached skill level 10 in Crossbows
 35643 | Snake:4  | Got a serpentine rune of Zot
 36001 | Elf:1    | Entered Level 1 of the Elven Halls
 36049 | Elf:1    | Found Nessofepp's Jewellery Shoppe.
 36068 | Elf:1    | Bought the ring of the Eleven Seas {rElec rN+ MR+ Dex+6} for 905 gold pieces
 36068 | Elf:1    | Bought an uncursed ring of see invisible for 165 gold pieces
 36353 | Elf:1    | Received a gift from Trog
 37000 | Elf:2    | Received a gift from Trog
 37228 | Elf:2    | Found a huge runed gate.
 37228 | Elf:2    | Found a huge runed gate.
 37228 | Elf:2    | Found a huge runed gate.
 37229 | Elf:2    | Found a huge runed gate.
 37230 | Elf:2    | Found a huge runed gate.
 37276 | Elf:2    | Noticed Agnes
 37289 | Elf:2    | Received a gift from Trog
 37289 | Elf:2    | Reached skill level 21 in Long Blades
 37305 | Elf:2    | Killed Agnes
 37378 | Elf:2    | Found Huif's Weapon Shop.
 37446 | Elf:2    | Received a gift from Trog
 38041 | Elf:2    | Received a gift from Trog
 38055 | Elf:2    | Noticed KrisztiCat's ghost (adept MiBe)
 38072 | Elf:2    | Killed KrisztiCat's ghost
 38397 | Elf:3    | Entered Level 3 of the Elven Halls
 39807 | Elf:3    | Reached XP level 20. HP: 194/195 MP: 7/23
 39837 | Elf:3    | Noticed a Tzitzimitl
 39935 | Elf:3    | Reached skill level 22 in Long Blades
 39941 | Elf:3    | Received a gift from Trog
 39999 | Elf:3    | Got a clouded copper ring
 40000 | Elf:3    | Identified the ring "Nelooczi" {Wiz rN++} (You took it off a deep elf high priest on level 3 of the Elven Halls)
 40002 | Elf:3    | Got a glittering copper ring
 40004 | Elf:3    | Identified the ring "Yckuh" {+Fly rF+ rC- MR+ Str+3} (You took it off a deep elf elementalist on level 3 of the Elven Halls)
 40484 | Elf:3    | Identified the Guide on Flight and Sinister Rituals
 40941 | Vaults:1 | Entered Level 1 of the Vaults
 41135 | Vaults:1 | Found a magical portal.
 41144 | WizLab   | Entered The Hall of Bomedow the Hellbinder
 41280 | WizLab   | Received a gift from Trog
 41503 | WizLab   | Gained mutation: You are dopey. (Int -2) [a cacodemon]
 41551 | WizLab   | Received a gift from Trog
 41994 | WizLab   | Noticed Bomedow
 42007 | WizLab   | Killed Bomedow the Hellbinder
 42025 | WizLab   | Found a burning altar of Makhleb.
 42038 | WizLab   | Identified the Disquisition on Summoning
 42049 | WizLab   | Identified a +0 rod of shadows (12/12) (You found it in a wizard's laboratory)
 42077 | WizLab   | Identified Pafeb's Grimoire of Creation
 42252 | Vaults:1 | Noticed Norris
 42272 | Vaults:1 | Killed Norris
 42449 | Vaults:1 | Reached skill level 23 in Long Blades
 42452 | Vaults:1 | Received a gift from Trog
 43044 | Vaults:1 | Received a gift from Trog
 43219 | Vaults:1 | Reached XP level 21. HP: 162/209 MP: 6/24
 43345 | Vaults:1 | Received a gift from Trog
 43757 | Vaults:2 | Received a gift from Trog
 44617 | Vaults:2 | Received a gift from Trog
 44747 | Vaults:2 | Reached skill level 24 in Long Blades
 44759 | Vaults:2 | Found a staircase to the Crypt.
 45001 | Vaults:2 | Received a gift from Trog
 45341 | Vaults:3 | Received a gift from Trog
 45987 | Vaults:3 | Received a gift from Trog
 46561 | Vaults:3 | Found Houkot's Book Emporium.
 47375 | Vaults:4 | Received a gift from Trog
 47516 | Vaults:4 | Found Innus's Distillery.
 47521 | Vaults:4 | Bought a potion of resistance for 210 gold pieces
 47521 | Vaults:4 | Bought a potion of might for 84 gold pieces
 47521 | Vaults:4 | Bought a potion of might for 84 gold pieces
 47642 | Vaults:4 | Reached XP level 22. HP: 220/220 MP: 25/25
 47726 | Vaults:4 | Reached skill level 15 in Dodging
 47788 | Vaults:4 | Received a gift from Trog
 48554 | Vaults:5 | Entered Level 5 of the Vaults
 48659 | Vaults:4 | Received a gift from Trog
 49626 | Vaults:4 | HP: 8/220 [vault warden/war axe of venom (19)]
 50269 | Vaults:4 | Received a gift from Trog
 50632 | Vaults:5 | Got a wavering ivory ring
 50634 | Vaults:5 | Identified the ring of Ytwuocw {*Corrode rPois rC+ Str+4} (You found it on level 5 of the Vaults)
 50664 | Vaults:5 | Got a smoking steel ring
 50666 | Vaults:5 | Identified the ring of Zuifog {*Tele rC+ SInv} (You took it off a deep elf demonologist on level 5 of the Vaults)
 50676 | Vaults:5 | Noticed a golden dragon
 50676 | Vaults:5 | a shadow dragon changed into a golden dragon
 50678 | Vaults:5 | Killed a golden dragon
 50701 | Vaults:5 | Reached XP level 23. HP: 121/227 MP: 15/26
 50789 | Vaults:5 | Received a gift from Trog
 51259 | Vaults:5 | Found Qobovyump's Antique Armour Shop.
 51352 | Vaults:5 | Got a sparkling turquoise ring
 51353 | Vaults:5 | Identified the ring "Exozxaub" {+Inv Str+3 Stlth+} (You found it on level 5 of the Vaults)
 51366 | Vaults:5 | Identified the Disquisition on Fetching Venom
 51371 | Vaults:5 | Identified the Tome of Damaging Curses (You found it on level 5 of the Vaults)
 51638 | Vaults:5 | Got a silver rune of Zot
 52134 | Depths:1 | Entered Level 1 of the Depths
 52152 | Depths:1 | Paralysed by a giant eyeball for 4 turns
 52229 | Depths:1 | Received a gift from Trog
 52232 | Depths:1 | Gained mutation: Your body sometimes deteriorates upon taking damage. [a shining eye]
 52739 | D:15     | Gained mutation: You tend to lose your temper in combat. [mutagenic glow]
 52787 | Depths:1 | Lost mutation: You are agile. (Dex +2) [potion of cure mutation]
 52787 | Depths:1 | Lost mutation: You are weak. (Str -2) [potion of cure mutation]
 52787 | Depths:1 | Lost mutation: Your body sometimes deteriorates upon taking damage. [potion of cure mutation]
 53602 | Depths:1 | Found a gateway to a ziggurat.
 53763 | Depths:1 | Received a gift from Trog
 54414 | Depths:2 | Received a gift from Trog
 55665 | Depths:2 | Received a gift from Trog
 55887 | Depths:2 | Got a translucent plate armour
 55898 | Depths:2 | Identified the +5 plate armour of Impressiveness {rElec} (You found it on level 2 of the Depths)
 55946 | Depths:2 | Reached XP level 24. HP: 237/237 MP: 29/29
 56118 | Depths:2 | Received a gift from Trog
 56329 | Depths:2 | Reached skill level 10 in Throwing
 56493 | Depths:3 | Received a gift from Trog
 56550 | Depths:3 | Noticed Sojobo
 56574 | Depths:3 | Killed Sojobo
 56592 | Depths:3 | Received a gift from Trog
 56783 | Depths:3 | Got a slimy marble ring
 56787 | Depths:3 | Identified the ring "Recsidaocw" {MR+ MP+9 Str+3} (You found it on level 3 of the Depths)
 56921 | Depths:3 | Received a gift from Trog
 57036 | Depths:3 | Received a gift from Trog
 57094 | Depths:3 | Got a glittering jade ring
 57095 | Depths:3 | Identified the ring "Mohets" {rPois rF- Int+5} (You took it off a necromancer on level 3 of the Depths)
 57114 | Depths:3 | Found Akip's Food Emporium.
 57129 | Depths:3 | Paralysed by a giant eyeball for 2 turns
 57137 | Depths:3 | Paralysed by a giant eyeball for 2 turns
 57376 | Depths:3 | Found a one-way gate leading to the halls of Pandemonium.
 57514 | Depths:3 | Noticed a juggernaut
 57519 | Depths:3 | Killed a juggernaut
 57603 | Depths:3 | Noticed Margery
 57668 | Depths:3 | Found Suligro's Assorted Antiques.
 57682 | Depths:3 | Bought 3 scrolls of identify for 162 gold pieces
 57720 | Depths:3 | Killed Margery
 57839 | Depths:3 | Got a twitching wooden ring
 57841 | Depths:3 | Identified the ring of the Gloaming {+Blink rF+ MR++ Dex+5} (You found it on level 3 of the Depths)
 57980 | Depths:4 | Noticed Jorgrun
 57995 | Depths:4 | Killed Jorgrun
 58016 | Depths:4 | Reached skill level 15 in Throwing
 58179 | Depths:4 | Received a gift from Trog
 58291 | Depths:4 | Received a gift from Trog
 58367 | Depths:4 | Gained mutation: Your magical capacity is low (-10% MP). [a cacodemon]
 58371 | Depths:4 | HP: 10/252 [something/bolt of fire (35)]
 58372 | Depths:4 | Killed from afar by a balrug

Skill      XL: |  1  2  3  4  5  6  7  8  9 10 11 12 13 14 15 16 17 18 19 20 21 22 23 24 |
---------------+-------------------------------------------------------------------------+-----
Fighting       | 4 5 6 7 9 10 12 14 16 17 19 20 22 23 | 23.9
Armour         | 3 4 5 6 8 10 11 12 14 16 18 19 20 22 23 | 23.8
Long Blades    | 4 5 6 8 10 11 13 15 16 17 18 20 21 23 24 | 24.1
Throwing       | 1 2 6 8 9 16 | 16.0
Dodging        | 7 8 12 13 14 17 | 17.8
Shields        | 4 |  4.1
Evocations     | 6 9 |  9.7
Crossbows      | 3 6 9 10 | 10.0

Action                   |  1- 3 |  4- 6 |  7- 9 | 10-12 | 13-15 | 16-18 | 19-21 | 22-24 || total
-------------------------+-------+-------+-------+-------+-------+-------+-------+-------++-------
Melee: Falchion          |    90 |   134 |   333 |       |       |       |       |       ||   557
       Headbutt          |    15 |    20 |    88 |   152 |   278 |   510 |   638 |   551 ||  2252
       Double sword      |       |       |    32 |   680 |  1037 |  1832 |  1489 |       ||  5070
       Triple sword      |       |       |       |       |       |       |   383 |  1476 ||  1859
 Fire: Hand crossbow     |       |       |       |       |       |     2 |       |       ||     2
Throw: Javelin           |       |       |    14 |    13 |     2 |    25 |    14 |     4 ||    72
Invok: Berserk           |       |     2 |       |     1 |     4 |     5 |       |       ||    12
       Trog's Hand       |       |     1 |     1 |     5 |    10 |    15 |    13 |    10 ||    55
       Brothers in Arms  |       |       |       |     3 |    10 |    11 |     4 |     8 ||    36
Evoke: Wand              |       |       |       |       |       |       |       |     1 ||     1
  Use: Scroll            |     4 |     5 |     3 |    20 |     7 |     8 |    16 |    13 ||    76
       Potion            |     1 |       |       |     1 |     5 |     1 |     2 |     6 ||    16
 Stab: Distracted        |       |       |       |       |     3 |     2 |     1 |     2 ||     8
       Petrified         |       |       |       |       |       |     3 |       |       ||     3
       Sleeping          |       |       |       |       |       |       |       |     1 ||     1
  Eat: Chunk             |       |     6 |    12 |    24 |    22 |    54 |    45 |    28 ||   191
       Royal jelly       |       |       |       |     1 |     1 |       |       |       ||     2
       Bread ration      |       |       |       |       |     3 |     1 |       |       ||     4
       Beef jerky        |       |       |       |       |       |     1 |       |     1 ||     2
       Pizza             |       |       |       |       |       |     1 |       |       ||     1
       Meat ration       |       |       |       |       |       |     1 |       |     1 ||     2
Armor: Animal skin       |     5 |       |       |       |       |       |       |       ||     5
       Scale mail        |     7 |       |       |       |       |       |       |       ||     7
       Chain mail        |     8 |       |       |       |       |       |       |       ||     8
       Ring mail         |    22 |    44 |    17 |       |       |       |       |       ||    83
       Plate armour      |       |       |   260 |   635 |   673 |  1118 |   809 |   949 ||  4444
       Skin              |       |       |       |       |     7 |       |       |       ||     7
Dodge: Dodged            |    77 |    73 |   150 |   284 |   440 |  1112 |  1082 |  1591 ||  4809
Block: Other             |       |       |       |    30 |     8 |       |       |       ||    38
       Buckler           |       |       |       |       |   317 |   454 |   296 |       ||  1067
       Reflection        |       |       |       |       |    22 |       |       |       ||    22
